| TOP OF THE 1ST |
|
Danville Veterans batting - Pitching for Quincy Cubs : RHP Charles Hudson
|
|
Pitching: RHP Charles Hudson
|
|
|
Batting: RHB Billy Hatcher
|
0-0: Called Strike 0-1: Foul Ball, location: 2F 0-2: Ball 1-2: Foul Ball, location: 2F 1-2: Ground out 4-3 (Groundball, 4, EV 104.4 MPH)
|
|
Batting: LHB Adrian Zepeda
|
0-0: Called Strike 0-1: Foul Ball, location: 2F 0-2: Ball 1-2: Ball 2-2: Strikes out swinging
|
|
Batting: RHB Henry Janssen
|
0-0: Called Strike 0-1: Foul Ball, location: 2F 0-2: Ball 1-2: Foul Ball, location: 2F 1-2: Ground out 5-3 (Groundball, 56, EV 87.5 MPH)
|
| Top of the 1st over - 0 runs, 0 hits, 0 errors, 0 left on base; Danville 0 - Quincy 0 |
| BOTTOM OF THE 1ST |
|
Quincy Cubs batting - Pitching for Danville Veterans : LHP Donald Johnson
|
|
Pitching: LHP Donald Johnson
|
|
|
Batting: SHB Selwyn Young
|
0-0: Called Strike 0-1: Ball 1-1: Foul Ball, location: 2F 1-2: Foul Ball, location: 2F 1-2: Ground out 5-3 (Groundball, 56, EV 101.3 MPH)
|
|
Batting: RHB Jack Ayer
|
0-0: Ball 1-0: Swinging Strike 1-1: Ball 2-1: Swinging Strike 2-2: Strikes out looking
|
|
Batting: SHB Willie Perez
|
0-0: Ball 1-0: Called Strike 1-1: Swinging Strike 1-2: Ball 2-2: Fly out, F9 (Flyball, 9S, EV 86.9 MPH)
|
| Bottom of the 1st over - 0 runs, 0 hits, 0 errors, 0 left on base; Danville 0 - Quincy 0 |
| TOP OF THE 2ND |
|
Danville Veterans batting - Pitching for Quincy Cubs : RHP Charles Hudson
|
|
Batting: LHB Mark Salas
|
0-0: Foul Ball, location: 2F 0-1: Ball 1-1: Fly out, F7 (Line Drive, 7, EV 86.3 MPH)
|
|
Batting: RHB Robert Gauci
|
0-0: Called Strike 0-1: Foul Ball, location: 2F 0-2: Ball 1-2: Fly out, F8 (Flyball, 8LS, EV 87.5 MPH)
|
|
Batting: RHB Ed Saavedra
|
0-0: Swinging Strike 0-1: Ball 1-1: Ball 2-1: Foul Ball, location: 2F 2-2: Foul Ball, location: 2F 2-2: Foul Ball, location: 2F 2-2: Strikes out looking
|
| Top of the 2nd over - 0 runs, 0 hits, 0 errors, 0 left on base; Danville 0 - Quincy 0 |
| BOTTOM OF THE 2ND |
|
Quincy Cubs batting - Pitching for Danville Veterans : LHP Donald Johnson
|
|
Batting: RHB Garry Keeton
|
0-0: Fly out, F7 (Flyball, 78S, EV 75.6 MPH)
|
|
Batting: RHB Wes Clements
|
0-0: Ball 1-0: Foul Ball, location: 2F 1-1: Foul Ball, location: 2F 1-2: Ball 2-2: Foul Ball, location: 2F 2-2: Strikes out looking
|
|
Batting: RHB Alex Juarez
|
0-0: Called Strike 0-1: Ball 1-1: Foul Ball, location: 2F 1-2: Foul Ball, location: 2F 1-2: Ground out 6-3 (Groundball, 6S, EV 87.5 MPH)
|
| Bottom of the 2nd over - 0 runs, 0 hits, 0 errors, 0 left on base; Danville 0 - Quincy 0 |
| TOP OF THE 3RD |
|
Danville Veterans batting - Pitching for Quincy Cubs : RHP Charles Hudson
|
|
Batting: RHB Jeff Moronko
|
0-0: Ground out 4-3 (Groundball, 4, EV 83.1 MPH)
|
|
Batting: RHB Gordon Gauntlett
|
0-0: Swinging Strike 0-1: Foul Ball, location: 2F 0-2: SINGLE (Groundball, 56, EV 108.8 MPH)
|
|
Batting: RHB Tom Hayes
|
0-0: Ball 1-0: Ball 2-0: Ball 3-0: Base on Balls Gordon Gauntlett to second
|
|
Batting: RHB Billy Hatcher
|
0-0: Called Strike 0-1: Ball 1-1: Swinging Strike 1-2: Strikes out swinging
|
|
Batting: LHB Adrian Zepeda
|
0-0: Ball 1-0: Ball 2-0: Swinging Strike 2-1: Ground out U3 (Groundball, 3S, EV 83.1 MPH)
|
| Top of the 3rd over - 0 runs, 1 hit, 0 errors, 2 left on base; Danville 0 - Quincy 0 |
| BOTTOM OF THE 3RD |
|
Quincy Cubs batting - Pitching for Danville Veterans : LHP Donald Johnson
|
|
Batting: LHB Dennis Mork
|
0-0: Ball 1-0: Swinging Strike 1-1: Swinging Strike 1-2: SINGLE (Line Drive, 4MD, EV 100.0 MPH)
|
|
Batting: RHB Roger Hansen
|
0-0: Called Strike 0-1: Ball 1-1: Called Strike 1-2: Strikes out swinging
|
|
Batting: RHB Billy Best
|
0-0: Foul Ball, location: 2F 0-1: Foul Ball, location: 2F 0-2: Ball 1-2: Ball Dennis Mork is caught stealing 2nd base 2-4 2-2: Fly out, F6 (Popup, 6, EV 63.1 MPH)
|
| Bottom of the 3rd over - 0 runs, 1 hit, 0 errors, 0 left on base; Danville 0 - Quincy 0 |
| TOP OF THE 4TH |
|
Danville Veterans batting - Pitching for Quincy Cubs : RHP Charles Hudson
|
|
Batting: RHB Henry Janssen
|
0-0: Foul Ball, location: 2F 0-1: Ball 1-1: Fly out, F4 (Popup, 4S, EV 85.0 MPH)
|
|
Batting: LHB Mark Salas
|
0-0: Called Strike 0-1: Ground out 4-3 (Groundball, 34, EV 82.5 MPH)
|
|
Batting: RHB Robert Gauci
|
0-0: Foul Ball, location: 2F 0-1: SOLO HOME RUN (Flyball, 7D, EV 100.0 MPH), Distance : 371 ft
|
|
Batting: RHB Ed Saavedra
|
0-0: Fly out, F9 (Line Drive, 9, EV 90.0 MPH)
|
| Top of the 4th over - 1 run, 1 hit, 0 errors, 0 left on base; Danville 1 - Quincy 0 |
| BOTTOM OF THE 4TH |
|
Quincy Cubs batting - Pitching for Danville Veterans : LHP Donald Johnson
|
|
Batting: SHB Selwyn Young
|
0-0: Ball 1-0: Ball 2-0: Ball 3-0: Called Strike 3-1: Foul Ball, location: 2F 3-2: Fly out, F7 (Line Drive, 7, EV 88.8 MPH)
|
|
Batting: RHB Jack Ayer
|
0-0: Ball 1-0: Ball 2-0: Called Strike 2-1: Ball 3-1: Called Strike 3-2: Foul Ball, location: 2F 3-2: Base on Balls
|
|
Batting: SHB Willie Perez
|
0-0: Grounds into double play, 6-4-3 (Groundball, 6, EV 78.8 MPH)
|
| Bottom of the 4th over - 0 runs, 0 hits, 0 errors, 0 left on base; Danville 1 - Quincy 0 |
| TOP OF THE 5TH |
|
Danville Veterans batting - Pitching for Quincy Cubs : RHP Charles Hudson
|
|
Batting: RHB Jeff Moronko
|
0-0: Ball 1-0: Foul Ball, location: 2F 1-1: Fly out, F7 (Flyball, 78D, EV 100.6 MPH)
|
|
Batting: RHB Gordon Gauntlett
|
0-0: Ball 1-0: Ground out 5-3 (Groundball, 5L, EV 83.1 MPH)
|
|
Batting: RHB Tom Hayes
|
0-0: Called Strike 0-1: Ball 1-1: Ground out U3 (Groundball, 34, EV 91.3 MPH)
|
| Top of the 5th over - 0 runs, 0 hits, 0 errors, 0 left on base; Danville 1 - Quincy 0 |
| BOTTOM OF THE 5TH |
|
Quincy Cubs batting - Pitching for Danville Veterans : LHP Donald Johnson
|
|
Batting: RHB Garry Keeton
|
0-0: Called Strike 0-1: Ball 1-1: Fly out, F8 (Flyball, 78M, EV 91.9 MPH)
|
|
Batting: RHB Wes Clements
|
0-0: Foul Ball, location: 2F 0-1: Ball 1-1: Ball 2-1: Foul Ball, location: 2F 2-2: Ground out 5-3 (Groundball, 56, EV 90.6 MPH)
|
|
Batting: RHB Alex Juarez
|
0-0: Ball 1-0: Called Strike 1-1: Foul Ball, location: 2F 1-2: Foul Ball, location: 2F 1-2: Ball 2-2: Ball 3-2: Foul Ball, location: 2F 3-2: Base on Balls
|
|
Batting: LHB Dennis Mork
|
0-0: Ball 1-0: Called Strike 1-1: Ball 2-1: Ground out U3 (Groundball, 3, EV 111.3 MPH)
|
| Bottom of the 5th over - 0 runs, 0 hits, 0 errors, 1 left on base; Danville 1 - Quincy 0 |
| TOP OF THE 6TH |
|
Danville Veterans batting - Pitching for Quincy Cubs : RHP Charles Hudson
|
|
Batting: RHB Billy Hatcher
|
0-0: Ball 1-0: DOUBLE (Flyball, 89D, EV 95.6 MPH)
|
|
Batting: LHB Adrian Zepeda
|
0-0: Ball 1-0: Ball Balk! Billy Hatcher to third 2-0: Foul Ball, location: 2F 2-1: Ground out 1-3 (Groundball, 13S, EV 64.4 MPH)
|
|
Batting: RHB Henry Janssen
|
0-0: Ball 1-0: Ball 2-0: Called Strike 2-1: Fly out, F9 (Flyball, 9LM, EV 85.0 MPH) Runner from 3rd tags up, SCORES, no throw by RF
|
|
Batting: LHB Mark Salas
|
0-0: Called Strike 0-1: Fly out, F9 (Flyball, 9D, EV 81.3 MPH)
|
| Top of the 6th over - 1 run, 1 hit, 0 errors, 0 left on base; Danville 2 - Quincy 0 |
| BOTTOM OF THE 6TH |
|
Quincy Cubs batting - Pitching for Danville Veterans : LHP Donald Johnson
|
|
Batting: RHB Roger Hansen
|
0-0: Called Strike 0-1: Fly out, F8 (Line Drive, 8LD, EV 86.3 MPH)
|
|
Batting: RHB Billy Best
|
0-0: Called Strike 0-1: Ball 1-1: Swinging Strike 1-2: Ground out 1-3 (Groundball, 13, EV 66.3 MPH)
|
|
Batting: SHB Selwyn Young
|
0-0: Ball 1-0: Foul Ball, location: 2F 1-1: Ball 2-1: Foul Ball, location: 2F 2-2: Fly out, F9 (Flyball, 9, EV 88.8 MPH)
|
| Bottom of the 6th over - 0 runs, 0 hits, 0 errors, 0 left on base; Danville 2 - Quincy 0 |
| TOP OF THE 7TH |
|
Danville Veterans batting - Pitching for Quincy Cubs : RHP Charles Hudson
|
|
Batting: RHB Robert Gauci
|
0-0: Foul Ball, location: 2F 0-1: Ground out 6-3 (Groundball, 6, EV 87.5 MPH)
|
|
Batting: RHB Ed Saavedra
|
0-0: Ball 1-0: Called Strike 1-1: Called Strike 1-2: Ground out 6-3 (Groundball, 56, EV 88.8 MPH)
|
|
Batting: RHB Jeff Moronko
|
0-0: Ball 1-0: Called Strike 1-1: Ground out 4-3 (Groundball, 4, EV 89.4 MPH)
|
| Top of the 7th over - 0 runs, 0 hits, 0 errors, 0 left on base; Danville 2 - Quincy 0 |
| BOTTOM OF THE 7TH |
|
Quincy Cubs batting - Pitching for Danville Veterans : LHP Donald Johnson
|
|
Batting: RHB Jack Ayer
|
0-0: Called Strike 0-1: Ball 1-1: Ball 2-1: Swinging Strike 2-2: Ball 3-2: Base on Balls
|
|
Batting: SHB Willie Perez
|
0-0: Called Strike 0-1: Ball 1-1: Ball 2-1: Swinging Strike 2-2: Foul Ball, location: 2F 2-2: Foul Ball, location: 2F 2-2: Ball 3-2: Ground out 4-3 (Groundball, P, EV 85.0 MPH) Jack Ayer to second
|
|
Batting: RHB Garry Keeton
|
0-0: Ball 1-0: Ground out 4-3 (Groundball, 4, EV 89.4 MPH) Jack Ayer to third
|
|
Batting: RHB Wes Clements
|
0-0: 2-RUN HOME RUN (Line Drive, 7D, EV 101.9 MPH), Distance : 378 ft
|
|
Batting: RHB Alex Juarez
|
0-0: Ball 1-0: SINGLE (Flyball, 56D, EV 91.3 MPH)
|
|
Batting: LHB Dennis Mork
|
0-0: Called Strike Alex Juarez steals 2nd base 0-1: Swinging Strike 0-2: Ground out 6-3 (Groundball, 4M, EV 80.6 MPH)
|
| Bottom of the 7th over - 2 runs, 2 hits, 0 errors, 1 left on base; Danville 2 - Quincy 2 |
| TOP OF THE 8TH |
|
Danville Veterans batting - Pitching for Quincy Cubs : RHP Charles Hudson
|
|
Batting: RHB Gordon Gauntlett
|
0-0: Foul Ball, location: 2F 0-1: Ball 1-1: Called Strike 1-2: Ball 2-2: Ground out 5-3 (Groundball, 56, EV 91.9 MPH)
|
|
Batting: RHB Tom Hayes
|
0-0: Ground out 6-3 (Groundball, 6, EV 90.6 MPH)
|
|
Batting: RHB Billy Hatcher
|
0-0: Foul Ball, location: 2F 0-1: Ball 1-1: Called Strike 1-2: SINGLE (Line Drive, 4D, EV 105.0 MPH)
|
|
Batting: LHB Adrian Zepeda
|
0-0: Ball Billy Hatcher is caught stealing 2nd base 2-6
|
| Top of the 8th over - 0 runs, 1 hit, 0 errors, 0 left on base; Danville 2 - Quincy 2 |
| BOTTOM OF THE 8TH |
|
Quincy Cubs batting - Pitching for Danville Veterans : LHP Donald Johnson
|
|
Batting: RHB Roger Hansen
|
0-0: Ball 1-0: Ball 2-0: Ball 3-0: Called Strike 3-1: Fly out, F7 (Flyball, 78S, EV 81.9 MPH)
|
|
Batting: RHB Billy Best
|
0-0: Ball 1-0: Called Strike 1-1: Foul Ball, location: 2F 1-2: Foul Ball, location: 2F 1-2: Foul Ball, location: 2F 1-2: Fly out, F9 (Flyball, 9LD, EV 101.9 MPH)
|
|
Batting: SHB Selwyn Young
|
0-0: Swinging Strike 0-1: Foul Ball, location: 2F 0-2: Ball 1-2: Ball 2-2: Foul Ball, location: 2F 2-2: Foul Ball, location: 2F 2-2: Ball 3-2: Fly out, F8 (Flyball, 78S, EV 89.4 MPH)
|
| Bottom of the 8th over - 0 runs, 0 hits, 0 errors, 0 left on base; Danville 2 - Quincy 2 |
| TOP OF THE 9TH |
|
Danville Veterans batting - Pitching for Quincy Cubs : RHP Charles Hudson
|
|
Pitching: RHP Philip Teston
|
|
|
Batting: LHB Adrian Zepeda
|
0-0: Ball 1-0: Ball 2-0: Fly out, F5 (Popup, 5F, EV 73.8 MPH)
|
|
Batting: RHB Henry Janssen
|
0-0: Foul Ball, location: 2F 0-1: Ball 1-1: Ball 2-1: DOUBLE (Line Drive, 8RD, EV 91.9 MPH)
|
|
Batting: LHB Mark Salas
|
0-0: Intentional Walk
|
|
Batting: RHB Robert Gauci
|
0-0: Ball 1-0: Ball 2-0: Ball 3-0: Called Strike 3-1: Called Strike 3-2: Ground out 5-3 (Groundball, 56, EV 83.1 MPH) Henry Janssen to third Mark Salas to second
|
|
Batting: RHB Ed Saavedra
|
0-0: Ball 1-0: Foul Ball, location: 2F 1-1: Foul Ball, location: 2F 1-2: Ball 2-2: Foul Ball, location: 2F 2-2: Ball 3-2: Strikes out swinging
|
| Top of the 9th over - 0 runs, 1 hit, 0 errors, 2 left on base; Danville 2 - Quincy 2 |
| BOTTOM OF THE 9TH |
|
Quincy Cubs batting - Pitching for Danville Veterans : LHP Donald Johnson
|
|
Batting: RHB Jack Ayer
|
0-0: DOUBLE (Line Drive, 78M, EV 96.3 MPH)
|
|
Batting: SHB Willie Perez
|
0-0: Ball 1-0: Ball 2-0: SINGLE (Line Drive, 56, EV 106.3 MPH) Jack Ayer to third
|
|
Batting: RHB Garry Keeton
|
0-0: Called Strike 0-1: Ball 1-1: Foul Ball, location: 2F 1-2: Foul Ball, location: 2F 1-2: Fly out, F8 (Flyball, 8RD, EV 83.1 MPH)
|
|
Batting: RHB Wes Clements
|
0-0: Ball 1-0: Ball 2-0: Foul Ball, location: 2F 2-1: Called Strike 2-2: Ball 3-2: Base on Balls Willie Perez to second
|
|
Pitching: RHP Dave W Smith
|
|
|
Batting: RHB Alex Juarez
|
0-0: Ball 1-0: Grounds into fielders choice 4-2 (Groundball, P, EV 82.5 MPH) Willie Perez to third Wes Clements to second
|
|
Batting: LHB Dennis Mork
|
0-0: Ground out U3 (Groundball, 3, EV 103.1 MPH)
|
| Bottom of the 9th over - 0 runs, 2 hits, 0 errors, 3 left on base; Danville 2 - Quincy 2 |
| TOP OF THE 10TH |
|
Danville Veterans batting - Pitching for Quincy Cubs : RHP Philip Teston
|
|
Pinch Hitting: LHB Eric Bullock
|
0-0: Called Strike 0-1: Ground out U3 (Groundball, 3L, EV 85.0 MPH)
|
|
Batting: RHB Gordon Gauntlett
|
0-0: Ground out 5-3 (Groundball, 56, EV 103.8 MPH)
|
|
Batting: RHB Tom Hayes
|
0-0: Called Strike 0-1: Foul Ball, location: 2F 0-2: Ball 1-2: Ball 2-2: SINGLE (Groundball, 6MD, EV 95.0 MPH)
|
|
Batting: RHB Billy Hatcher
|
0-0: Swinging Strike 0-1: Swinging Strike 0-2: Ball Tom Hayes steals 2nd base (no throw) 1-2: Foul Ball, location: 2F 1-2: Ball 2-2: Ball 3-2: Base on Balls
|
|
Batting: LHB Adrian Zepeda
|
0-0: Foul Ball, location: 2F 0-1: Ground out U3 (Groundball, 34, EV 81.3 MPH)
|
| Top of the 10th over - 0 runs, 1 hit, 0 errors, 2 left on base; Danville 2 - Quincy 2 |
| BOTTOM OF THE 10TH |
|
Quincy Cubs batting - Pitching for Danville Veterans : RHP Dave W Smith
|
|
Now at 2B: Robert Allen
|
|
|
Batting: RHB Roger Hansen
|
0-0: SINGLE (Groundball, 56D, EV 107.5 MPH)
|
|
Batting: RHB Billy Best
|
0-0: Sac Bunt to 2R - play at first, batter OUT! 2-4 Roger Hansen to second
|
|
Batting: SHB Selwyn Young
|
0-0: Fly out, F8 (Flyball, 78D, EV 100.6 MPH) Runner from 2nd tags up, SAFE at 3rd with throw by CF
|
|
Batting: RHB Jack Ayer
|
0-0: Called Strike 0-1: Foul Ball, location: 2F 0-2: Ball 1-2: Foul Ball, location: 2F 1-2: Strikes out looking
|
| Bottom of the 10th over - 0 runs, 1 hit, 0 errors, 1 left on base; Danville 2 - Quincy 2 |
| TOP OF THE 11TH |
|
Danville Veterans batting - Pitching for Quincy Cubs : RHP Philip Teston
|
|
Pitching: LHP Stephen Gelfarb
|
|
|
Batting: RHB Henry Janssen
|
0-0: Ball 1-0: Called Strike 1-1: Swinging Strike 1-2: Ball 2-2: Ball 3-2: Base on Balls
|
|
Batting: LHB Mark Salas
|
0-0: Ball 1-0: Swinging Strike 1-1: Foul Ball, location: 2F 1-2: Fly out, F9 (Flyball, 9D, EV 96.3 MPH)
|
|
Batting: RHB Robert Gauci
|
0-0: Ball 1-0: Ball 2-0: Ball 3-0: Called Strike 3-1: Base on Balls Henry Janssen to second
|
|
Batting: RHB Ed Saavedra
|
0-0: Ball 1-0: Called Strike 1-1: Ball 2-1: Swinging Strike 2-2: Strikes out swinging
|
|
Batting: RHB Robert Allen
|
0-0: Called Strike 0-1: Called Strike 0-2: Foul Ball, location: 2F 0-2: Strikes out swinging
|
| Top of the 11th over - 0 runs, 0 hits, 0 errors, 2 left on base; Danville 2 - Quincy 2 |
| BOTTOM OF THE 11TH |
|
Quincy Cubs batting - Pitching for Danville Veterans : RHP Dave W Smith
|
|
Batting: SHB Willie Perez
|
0-0: Foul Ball, location: 2F 0-1: Foul Ball, location: 2F 0-2: Foul Ball, location: 2F 0-2: Foul Ball, location: 2F 0-2: SOLO HOME RUN (Flyball, 89XD, EV 104.4 MPH), Distance : 409 ft
|
| Bottom of the 11th over - 1 run, 1 hit, 0 errors, 0 left on base; Danville 2 - Quincy 3 |
|